 Dungeon Crawl Stone Soup version 0.17.0-26-gececa24 (webtiles) character file.

111 Raultor the Changer (level 4, -1/28 HPs)
             Began as an Octopode Transmuter on Nov 19, 2015.
             Killed by divine providence
             ... invoked by an orc priest
              (11 damage)
             ... on level 3 of the Dungeon.
             The game lasted 00:05:15 (2880 turns).

Raultor the Changer (Octopode Transmuter)           Turns: 2880, Time: 00:05:15

Health: -1/28      AC:  2    Str: 10    XL:     4   Next: 92%
Magic:  14/16      EV: 19    Int: 15    God:
Gold:   66         SH:  0    Dex: 17    Spells: 2 memorised, 3 levels left

rFire  . . .     SeeInvis .       - Unarmed
rCold  . . .     Clarity  .     (shield currently unavailable)
rNeg   . . .     SustAt   .     (helmet currently unavailable)
rPois  x         Gourm    .     (no amulet)
rElec  .         Spirit   .     d - ring of magical power
rCorr  .         Warding  .     (no ring)
rMut   .         Stasis   .     (no ring)
MR     .....                    (no ring)
Stlth  ++........               (no ring)
                                (no ring)
                                (no ring)
                                (no ring)

@: spider-form (expiring), not resistant to hostile enchantments, unstealthy
A: almost no armour, amphibious, 8 rings, (constrict 8), (camouflage 0),
(gelatinous body 0)
a: End Transformation


You were on level 3 of the Dungeon.
You were not hungry.
You were a venomous arachnid creature.
You visited 1 branch of the dungeon, and saw 3 of its levels.

You collected 66 gold pieces.

Inventory:

Missiles
 a - 12 arrows
 n - 96 stones (quivered)
Jewellery
 d - a ring of magical power (left front leg)
Scrolls
 e - a scroll of remove curse {unknown}
 h - a scroll of fear {unknown}
 k - a scroll of teleportation {unknown}
 m - 2 scrolls of identify {unknown}
 o - a scroll of enchant weapon {unknown}
Potions
 f - a potion of brilliance {unknown}
 g - a potion of haste {unknown}
 i - 2 potions of agility {unknown}
 j - a potion of cancellation {unknown}
 p - a potion of invisibility {unknown}
Books
 b - a book of Changes

   Spells                             Type                      Level
   a - Beastly Appendage              Transmutation                1
   b - Sticks to Snakes               Transmutation                2
   c - Spider Form                    Transmutation/Poison         3
   d - Ice Form                       Ice/Transmutation            4
   e - Blade Hands                    Transmutation                5
Comestibles
 c - a bread ration
 l - a beef jerky
 q - 2 chunks of flesh


   Skills:
 - Level 1.0 Fighting
 - Level 2.0 Dodging
 - Level 3.0 Unarmed Combat
 - Level 2.0 Spellcasting
 + Level 4.9 Transmutations


You had 3 spell levels left.
You knew the following spells:

 Your Spells              Type           Power        Failure   Level  Hunger
a - Beastly Appendage     Trmt           ###...       12%         1    #......
b - Spider Form           Trmt/Pois      #.........   52%         3    ###....


Dungeon Overview and Level Annotations

Branches:
Dungeon (3/15)

Altars:
Beogh


Innate Abilities, Weirdness & Mutations

You cannot wear most types of armour.
You are amphibious.
You can wear up to eight rings at the same time.
((You can use your tentacles to constrict eight enemies at once.))
((Your skin changes colour to match your surroundings (Stealth).))
((Your rubbery body absorbs attacks (AC +1).))


Message History

You hit the orc.
The orc is heavily wounded.
The orc hits you but does no damage.
You hit the orc.
You kill the orc!
The rat barely misses you. Something hits you.
You closely miss something. Something hits you.
You hit something. Something hits you.
You barely miss something.
Your transformation is almost over.
Something hits you.
You barely miss something.
The orc priest casts a cantrip, but nothing happens.
Something hits you.
You hit something. Something barely misses you.
You hit something but do no damage.
The orc priest mumbles some strange prayers to Beogh against you.
Something smites you!
You die...

#$8o8.#####.######.
#$..$.#####.#
.8.8$#..<..#####
... #.#.......#
##'# #.#.......#
#.o###.#.....$.#
#...##)#..........
#.#o##.#.......###
#..r{s.#....$..#
###>####.......#
#.# ######### #.#
#.. ###


You could see an orc priest and a rat.

Vanquished Creatures
  Ijyb (D:2)
  3 adders (D:2)
  An ooze (D:2)
  2 worms (D:2)
  3 orcs (D:3)
  6 bats
  6 hobgoblins (D:2)
  3 jackals (D:2)
  A ball python (D:2)
  A giant gecko (D:2)
  A giant newt (D:2)
  6 goblins
  6 kobolds
  4 rats
  A plant (D:1)
45 creatures vanquished.

Notes
Turn   | Place    | Note
--------------------------------------------------------------
     0 | D:1      | Raultor the Octopode Transmuter began the quest for the Orb.
     0 | D:1      | Reached XP level 1. HP: 13/13 MP: 3/3
   225 | D:1      | Reached XP level 2. HP: 8/18 MP: 5/5
   853 | D:2      | Noticed Ijyb
   869 | D:2      | Killed Ijyb
   869 | D:2      | Reached XP level 3. HP: 2/23 MP: 6/6
  1219 | D:2      | Reached skill level 4 in Transmutations
  1291 | D:2      | Learned a level 3 spell: Spider Form
  1357 | D:2      | Reached XP level 4. HP: 6/28 MP: 7/7
  2804 | D:3      | Found a roughly hewn altar of Beogh.
  2880 | D:3      | Killed from afar by an orc priest

Action                   |  1- 3 |  4- 6 || total
-------------------------+-------+-------++-------
Melee: Unarmed           |    94 |    66 ||   160
 Cast: Beastly Appendage |     6 |       ||     6
       Spider Form       |       |     4 ||     4
 Stab: Sleeping          |     5 |     6 ||    11
  Eat: Chunk             |     1 |     6 ||     7
